 Dungeon Crawl Stone Soup version 0.27.0-1-g7a089689b8 (webtiles) character file.

Game seed: 220809436910689235

44 Descartes the Ducker (level 3, -1/15 HPs)
             Began as a Felid Transmuter on Aug 7, 2021.
             Succumbed to an adder's poison
             ... on level 2 of the Dungeon.
             The game lasted 00:03:05 (2780 turns).

Descartes the Ducker (Felid Transmuter)             Turns: 2780, Time: 00:03:05

Health: -1/15      AC:  1    Str:  7    XL:     3   Next: 41%
Magic:  7/7        EV: 18    Int: 14    God:
Gold:   37         SH:  0    Dex: 16    Spells: 5/6 levels left
                                        Lives:  0   Deaths: 0

rFire    . . .     SeeInvis +     - Unarmed
rCold    . . .     Faith    .   (shield unavailable)
rNeg     . . .     Spirit   .   (armour unavailable)
rPois    .         Reflect  .   (helmet unavailable)
rElec    .         Harm     .   (cloak unavailable)
rCorr    .         Rampage  .   (gloves unavailable)
Will     .....                  (boots unavailable)
Stlth    ++........             (no amulet)
HPRegen  0.05/turn              (no ring)
MPRegen  0.10/turn              (no ring)

@: lethally poisoned (-1 -> -3), quick
A: very small, claws 1, fangs 3, see invisible, speed 1, shaggy fur 1, stealthy
paws, no weapons or thrown items, no armour, multi-lived
a: no special abilities


You were on level 2 of the Dungeon.
You visited 1 branch of the dungeon, and saw 3 of its levels.

You collected 37 gold pieces.

Inventory:

Scrolls
 b - a scroll of immolation {unknown}
 c - 2 scrolls of enchant weapon {unknown}
 e - a scroll of summoning {unknown}
 g - a scroll of identify {unknown}
Potions
 a - a potion of flight {unknown}
 d - a potion of attraction {unknown}
 f - 2 potions of resistance {unknown}


   Skills:
 - Level 1.0 Fighting
 + Level 4.1 Dodging
 + Level 3.1 Stealth
 - Level 3.0 Unarmed Combat
 - Level 2.0 Spellcasting
 - Level 2.1 Transmutations


You had 5 spell levels left.
You knew the following spells:

 Your Spells              Type           Power      Damage    Failure   Level
a - Beastly Appendage     Tmut           14%        N/A       10%         1

Your spell library contained the following spells:

 Spells                   Type           Power      Damage    Failure   Level
 Wereblood                Tmut           7%         N/A       14%         2
 Spider Form              Tmut/Pois      2%         N/A       41%         3
 Ice Form                 Ice/Tmut       4%         N/A       83%         4


Dungeon Overview and Level Annotations

Branches:
Dungeon (3/15)

Altars:


Innate Abilities, Weirdness & Mutations

You have sharp claws.
You have razor-sharp teeth.
You have supernaturally acute eyesight. (SInv)
You cover ground quickly. (Speed+)
You are covered in fur. (AC +1)
Your paws help you pounce on unaware monsters.
You are incapable of wielding weapons or throwing items.
You cannot wear armour.
You gain extra lives every three experience levels.


Message History

Done exploring.
Done exploring.
Done exploring.
There is a stone staircase leading up here.
There is a stone staircase leading down here.
You climb downwards.
There is a stone staircase leading up here.
Found a stone staircase leading down.
Found a stone staircase leading up.
An endoplasm comes into view.
Casting: Beastly Appendage (safe; 10% risk of failure)
Confirm with . or Enter, or press ? or * to list all spells.
You grow a pair of large bovine horns.
An adder comes into view.
You pounce on the unaware helpless endoplasm!
You mangle the endoplasm!!
You kill the endoplasm!
Your transformation is almost over.
The adder hisses angrily.
The adder bites you.
You closely miss the adder. The adder bites you.
You are lethally poisoned!
The adder poisons you!
You are too injured to fight recklessly!
You are too injured to fight recklessly!
You are too injured to fight recklessly!
You feel sick.
* * * LOW HITPOINT WARNING * * *
You feel sick.
* * * LOW HITPOINT WARNING * * *
You feel sick.
Found a stone staircase leading down.
* * * LOW HITPOINT WARNING * * *
You feel sick.
Your horns disappear.
There is a stone staircase leading up here.
* * * LOW HITPOINT WARNING * * *
You feel sick. The adder misses you. The adder closely misses you.
You climb upwards.
You die...

###.# #.#.#...##.#
#...# #........#.#
#.#####...###..#.#
..#...#...# ##.#.#
###.#.#...# #.#.#
..........# #...#
#.....#...# #...#
#.##.#########.S.#
#.##....#....#.#@#
..#####.#.##.#.#.#
####......#..#.#.#
#.##.#....#.#.#
#.##.#.####.#.#
####.##.#†#....#.#
.....##..(#.####.#
###########.# #.#
#.####.#


You could see an adder.

Vanquished Creatures
  4 bats
  5 endoplasms
  A giant cockroach (D:2)
  3 goblins
  5 hobgoblins
  8 jackals (D:2)
  2 ball pythons
  8 kobolds
  A rat (D:2)
37 creatures vanquished.

Notes
Turn   | Place    | Note
-------+----------+-------------------------------------------
     0 | D:1      | Descartes the Felid Transmuter began the quest for the Orb.
     0 | D:1      | Reached XP level 1. HP: 9/9 MP: 4/4
   123 | D:1      | Reached skill level 3 in Dodging
   123 | D:1      | Reached skill level 1 in Stealth
   297 | D:1      | Reached XP level 2. HP: 8/12 MP: 4/6
   675 | D:1      | Found a faded altar of an unknown god.
  1604 | D:2      | Reached XP level 3. HP: 7/15 MP: 5/7
  2297 | D:2      | Reached skill level 4 in Dodging
  2780 | D:2      | Succumbed to an adder's poison

Illustrated notes

Levels and vault maps discovered:
D:1:      sevenhm_arrival_forest_fort_large_2, layout_loops_corners,
          shapermc_ecumenical_altar_starsandcircs
D:2:      layout_basic
D:3:      layout_rooms, uniq_grinder

Skill      XL: |  1  2  3 |
---------------+----------+-----
Dodging        | 3 4 |  4.1
Stealth        | 1 2 3 |  3.1
Fighting       | |  1.0
Unarmed Combat | |  3.0
Spellcasting   | |  2.0
Transmutations | |  2.1

Action                   || total
-------------------------++-------
Melee: Unarmed           ||    90
       Headbutt          ||    13
       Bite              ||     6
       Punch             ||     1
 Cast: Beastly Appendage ||    24
 Stab: Sleeping          ||     2
Armor: Skin              ||     5
Dodge: Dodged            ||    70
